 Dungeon Crawl Stone Soup version 0.27-a0-1557-g57f10a385c (webtiles) character file.

Game seed: 17124234063823051250

4157 pokeman the Thaumaturge (level 10, -9/56 HPs)
             Began as a Deep Elf Hedge Wizard on July 15, 2021.
             Was a Priest of Vehumet.
             Shot with a bolt by an orc warrior (25 damage)
             ... in a bailey.
             The game lasted 00:20:45 (9168 turns).

pokeman the Thaumaturge (Deep Elf Hedge Wizard)     Turns: 9168, Time: 00:20:46

Health: -9/56      AC:  4    Str: 11    XL:     10   Next: 7%
Magic:  25/28      EV: 12    Int: 29    God:    Vehumet [***...]
Gold:   295        SH:  5    Dex: 14    Spells: 20/33 levels left

rFire    + . .     SeeInvis +   x - +1 whip "Jelly's Demise" {vamp, rPois Str+4 SInv}
rCold    x . .     Faith    .   (no shield)
rNeg     . . .     Spirit   .   p - +0 leather armour
rPois    +         Reflect  +   c - +0 hat
rElec    .         Harm     .   h - +0 cloak
rCorr    .         Rampage  .   (no gloves)
Will     +....                  (no boots)
Stlth    ++........             A - amulet of reflection
HPRegen  0.18/turn              r - +6 ring of intelligence
MPRegen  0.21/turn              w - ring of fire

@: no status effects
A: no striking features
a: Renounce Religion


You were in a bailey.
You worshipped Vehumet.
Vehumet was most pleased with you.
You visited 2 branches of the dungeon, and saw 8 of its levels.
You also visited: Bailey.

You collected 370 gold pieces.
You spent 75 gold pieces at shops.

Inventory:

Hand Weapons
 o - a +0 shortbow
 x - the +1 whip "Jelly's Demise" (weapon) {vamp, rPois Str+4 SInv}
   (You found it on level 5 of the Dungeon)

   It occasionally heals its wielder for a portion of the damage dealt when it
   wounds a living foe.
   Str:       It affects your strength (+4).
   rPois:     It protects you from poison.
   SInv:      It lets you see invisible.
Missiles
 y - 27 arrows
Armour
 c - a +0 hat (worn)
 h - a +0 cloak (worn)
 p - a +0 leather armour (worn)
Magical Staves
 z - a staff of death
Jewellery
 r - a +6 ring of intelligence (left hand)
 w - a ring of fire (right hand)
 A - an amulet of reflection (around neck)
Scrolls
 a - a scroll of vulnerability {unknown}
 b - 3 scrolls of noise
 l - a scroll of fear {unknown}
 m - 2 scrolls of enchant weapon
 n - a scroll of enchant armour {unknown}
 t - a scroll of magic mapping
 u - a scroll of identify
 v - 3 scrolls of teleportation
Potions
 d - 2 potions of attraction {unknown}
 e - 2 potions of heal wounds {unknown}
 f - 4 potions of curing {unknown}
 g - 3 potions of haste {unknown}
 i - 2 potions of invisibility {unknown}
 j - a potion of cancellation {unknown}
 k - a potion of mutation {unknown}
 q - a potion of lignification {unknown}
 s - a potion of might


   Skills:
 + Level 3.9 Fighting
 - Level 3.0 Armour
 - Level 3.0 Dodging
 - Level 4.1 Stealth
 * Level 12.3 Spellcasting
 + Level 7.1 Conjurations
 - Level 2.2 Hexes
 + Level 5.8 Summonings
 - Level 1.1 Translocations
 - Level 1.0 Fire Magic
 - Level 1.2 Air Magic
 - Level 1.1 Poison Magic
 - Level 1.0 Evocations


You had 20 spell levels left.
You knew the following spells:

 Your Spells              Type           Power      Damage    Failure   Level
a - Magic Dart            Conj           100%       1d8       1%          1
b - Mephitic Cloud        Conj/Pois/Air  36%        N/A       1%          3
c - Call Imp              Summ           51%        N/A       1%          2
d - Blink                 Tloc           N/A        N/A       3%          2
e - Conjure Flame         Conj/Fire      58%        6-21      1%          3
f - Corona                Hex            33%        N/A       1%          1
g - Apportation           Tloc           48%        N/A       2%          1

Your spell library contained the following spells:

 Spells                   Type           Power      Damage    Failure   Level
 Frozen Ramparts          Ice            34%        1d5       3%          3
 Summon Small Mammal      Summ           100%       N/A       1%          1
 Slow                     Hex            30%        N/A       2%          2
 Animate Skeleton         Necr           34%        N/A       3%          1
 Gell's Gravitas          Tloc           12%        N/A       7%          3
 Lesser Beckoning         Tloc           12%        N/A       7%          3
 Teleport Other           Tloc           24%        N/A       7%          3
 Animate Dead             Necr           8%         N/A       36%         4
 Haunt                    Necr/Summ      17%        N/A       100%        7
 Infestation              Necr           8%         N/A       100%        8


Dungeon Overview and Level Annotations

Branches:
Dungeon (7/15)             Temple (1/1) D:4          Bailey (1/1)

Altars:
Ashenzari
Cheibriados
Dithmenos
Elyvilon
Fedhas
Gozag
Hepliaklqana
Kikubaaqudgha
Makhleb
Okawaru
Qazlal
Ru
Sif Muna
Uskayaw
Vehumet
Wu Jian
Xom
Zin
The Shining One

Shops:
D:5 ?


Message History

Aim: an orc knight, wielding a +0 halberd and wearing a +0 ring mail (strong, chance to affect: 58%)
The ball explodes into a vile cloud!
The stinking cloud engulfs the orc knight but does no damage.
The orc knight is engulfed in noxious fumes.
The orc knight appears confused.
The orc warrior shoots a bolt.
The bolt hits you!!
* * * LOW HITPOINT WARNING * * *
The orc warrior shoots a bolt.
You reflect the bolt off an invisible shield around you!
The bolt hits the orc warrior!
The orc knight is engulfed in noxious fumes.
Unknown command.
The orc knight is engulfed in noxious fumes.
The orc knight barely misses you.
Unknown command.
An orc warrior comes into view. It is wielding a +0 halberd.
The orc knight barely misses you.
An orc opens the door.
Unknown command.
Unknown command.
Casting: Mephitic Cloud (safe; 1% risk of failure)
Confirm with . or Enter, or press ? or * to list all spells.
Aiming: Mephitic Cloud (safe; 1% risk of failure)
Press: ? - help, Shift-Dir - straight line, f - orc warrior, p - orc knight
Aim: an orc warrior, wielding a +0 arbalest, wearing a +0 chain mail and quivering bolts (heavily wounded, strong, chance to affect: 81%)
The ball explodes into a vile cloud!
The stinking cloud engulfs the orc warrior but does no damage.
The orc warrior is heavily wounded.
The orc warrior shoots a bolt.
You reflect the bolt off an invisible shield around you!
The bolt closely misses the orc warrior.
An orc warrior comes into view. It is wielding a +0 arbalest.
The orc warrior is engulfed in noxious fumes.
The orc warrior appears confused.
The orc warrior falls into the water!
The orc warrior drowns.
Vehumet accepts your kill.
You feel your power returning.
You hear a splash. x3
The orc knight closely misses you.
The orc warrior shoots a bolt.
The bolt hits you!!
You die...

### ##∩#########
#.∩.##o@...##
≈..#...#..○○≈..#
o≈≈.o.....○≈.≈≈.#
oo≈.....☼.≈o∩.≈.oo.
≈o≈≈.o...☼☼○≈.≈≈.#..
≈≈≈..#...#☼.≈≈≈..# .
....##...##.....##
#### ##∩######### ##


You could see 2 orc knights, 2 orc warriors and an orc.

Vanquished Creatures
  Grinder (D:3)
  Sigmund (D:5)
  Menkaure (D:6)
  A water moccasin (D:4)
  5 orc warriors
  6 sky beasts
  2 hornet zombies (D:5)
  3 ice beasts
  A black bear (D:5)
  2 ogres
  A centaur (D:5)
  3 necrophages
  3 phantoms
  Blork the orc (D:6)
  A wyvern zombie (D:6)
  A water moccasin zombie (D:5)
  2 scorpions (D:5)
  2 water moccasin skeletons (D:6)
  A centaur zombie (D:5)
  4 jellies
  3 orc priests
  5 hounds
  2 iguanas (D:5)
  A scorpion zombie (D:5)
  7 orc wizards
  2 hound zombies (D:5)
  A hound skeleton (D:5)
  6 gnolls
  A howler monkey skeleton (D:5)
  9 adders
  A shadow imp (D:5)
  3 ufetubi
  An adder skeleton (D:4)
  3 dart slugs
  2 worms
  18 orcs
  2 ball pythons (D:3)
  10 bats
  14 endoplasms
  8 goblins
  6 hobgoblins
  8 jackals
  5 kobolds
  6 quokkas
  4 frilled lizards
  4 rats
174 creatures vanquished.

Vanquished Creatures (collateral kills)
  An orc (D:2)
1 creature vanquished.

Vanquished Creatures (others)
  3 plants (D:6)
3 creatures vanquished.

Grand Total: 178 creatures vanquished

Notes
Turn   | Place    | Note
-------+----------+-------------------------------------------
     0 | D:1      | pokeman the Deep Elf Hedge Wizard began the quest for the
                  | Orb.
     0 | D:1      | Reached XP level 1. HP: 10/10 MP: 7/7
   322 | D:1      | Found a faded altar of an unknown god.
   345 | D:1      | Reached XP level 2. HP: 14/16 MP: 1/9
  1295 | D:1      | Reached skill level 5 in Spellcasting
  1562 | D:2      | Reached XP level 3. HP: 17/20 MP: 4/11
  1568 | D:1      | Learned a level 3 spell: Mephitic Cloud
  1571 | D:1      | Learned a level 2 spell: Call Imp
  1574 | D:1      | Learned a level 2 spell: Blink
  1578 | D:1      | Learned a level 3 spell: Conjure Flame
  1901 | D:2      | Reached skill level 1 in Fighting
  1901 | D:2      | Reached skill level 1 in Armour
  2061 | D:2      | Reached XP level 4. HP: 16/25 MP: 0/13
  3183 | D:3      | Reached skill level 1 in Fire Magic
  3499 | D:3      | Reached skill level 6 in Spellcasting
  3499 | D:3      | Reached XP level 5. HP: 29/29 MP: 5/15
  3590 | D:3      | Noticed an ogre
  3612 | D:3      | Killed an ogre
  3613 | D:3      | Reached skill level 1 in Air Magic
  3613 | D:3      | Reached skill level 1 in Poison Magic
  3889 | D:3      | Noticed an ice beast
  3917 | D:3      | Killed an ice beast
  3918 | D:3      | Reached XP level 6. HP: 34/34 MP: 11/17
  4041 | D:3      | Noticed Grinder
  4058 | D:3      | Paralysed by Grinder for 7 turns
  4069 | D:3      | Killed Grinder
  4070 | D:3      | Reached skill level 7 in Spellcasting
  4070 | D:3      | Reached XP level 7. HP: 7/39 MP: 10/20
  4631 | D:4      | Found a staircase to the Ecumenical Temple.
  4646 | D:4      | Learned a level 1 spell: Corona
  4648 | D:4      | Learned a level 1 spell: Apportation
  4650 | Temple   | Entered the Ecumenical Temple
  4748 | Temple   | Became a worshipper of Vehumet
  4798 | D:4      | Reached skill level 8 in Spellcasting
  5022 | D:4      | Found a shimmering blue altar of Sif Muna.
  5478 | D:5      | Entered Level 5 of the Dungeon
  5557 | D:5      | Reached skill level 1 in Hexes
  5566 | D:5      | Reached XP level 8. HP: 30/44 MP: 15/22
  5593 | D:5      | Reached skill level 9 in Spellcasting
  5603 | D:5      | Reached * piety under Vehumet
  5603 | D:5      | Offered knowledge of Sandblast by Vehumet.
  5697 | D:5      | Identified the +1 ring mail of Kyiduevo {+Inv rF- Str+3
                  | Dex+8}
  5769 | D:5      | Reached skill level 5 in Conjurations
  5905 | D:5      | Found Seg Sawne's Magic Scroll Shop.
  5908 | D:5      | Bought a scroll of identify for 30 gold pieces
  5908 | D:5      | Bought a scroll of teleportation for 45 gold pieces
  5922 | D:5      | Identified the +1 whip "Jelly's Demise" {vamp, rPois Str+4
                  | SInv}
  6125 | D:5      | Noticed Sigmund
  6146 | D:5      | Killed Sigmund
  6147 | D:5      | Reached skill level 10 in Spellcasting
  6762 | D:5      | Reached XP level 9. HP: 48/48 MP: 15/25
  6893 | D:5      | Offered knowledge of Static Discharge by Vehumet.
  7019 | D:5      | Reached ** piety under Vehumet
  7362 | D:5      | Reached skill level 11 in Spellcasting
  7922 | D:6      | Reached skill level 1 in Evocations
  8082 | D:6      | Reached skill level 5 in Summonings
  8128 | D:6      | Noticed Menkaure
  8143 | D:6      | Killed Menkaure
  8419 | D:6      | Noticed Blork the orc
  8427 | D:6      | Killed Blork the orc
  8458 | D:6      | Found a hazy altar of Hepliaklqana.
  8641 | D:6      | Offered knowledge of Frozen Ramparts by Vehumet.
  8863 | D:6      | Found a glowing golden altar of the Shining One.
  8870 | D:6      | Found a burning altar of Makhleb.
  8875 | D:6      | Found a stormy altar of Qazlal.
  9025 | D:7      | Reached skill level 12 in Spellcasting
  9049 | D:7      | Reached *** piety under Vehumet
  9091 | D:7      | Found a flagged portal.
  9159 | Bailey   | Entered a bailey
  9159 | Bailey   | Noticed an orc knight
  9160 | Bailey   | Noticed an orc knight
  9161 | Bailey   | Noticed an orc knight
  9162 | Bailey   | Noticed an orc knight
  9164 | Bailey   | Reached XP level 10. HP: 37/56 MP: 28/28
  9168 | Bailey   | Shot with a bolt by an orc warrior

Illustrated notes

Levels and vault maps discovered:
D:1:      lemuel_arrival_tunnels, layout_basic,
          chequers_ecumenical_altar_simple_redux
D:2:      layout_basic, minmay_close_crescents
D:3:      layout_basic, saegor_snake_ambush, uniq_grinder
D:4:      layout_cave_pools, tgw_sif, minmay_temple_entry_offerings,
          kennysheep_generic_room_6
D:5:      minmay_octagon_keep, layout_basic, serial_shops, kennysheep_mini,
          minmay_joined_circles, uniq_sigmund
D:6:      layout_basic, nicolae_hepliaklqana_hazy_memory,
          minmay_overflow_temple_star_quad, kennysheep_boxes, uniq_menkaure,
          uniq_blork_the_orc
D:7:      layout_cave_pools, mainiacjoe_overflow_brackets,
          nemelex_diamond_rough_becter, enter_bailey_7,
          amcnicky_mini_rare_corridor_liquid, nicolae_specific_store
Temple:   jpeg_temple_clearing
Bailey:   bailey_polearm_4, bailey

Skill      XL: |  1  2  3  4  5  6  7  8  9 |
---------------+----------------------------+-----
Spellcasting   | 5 6 7 8 10 12 | 12.3
Fighting       | 1 2 3 |  3.9
Armour         | 1 3 |  3.0
Conjurations   | 2 3 4 5 7 |  7.1
Fire Magic     | 1 |  1.0
Dodging        | 3 |  3.0
Air Magic      | 1 |  1.2
Poison Magic   | 1 |  1.1
Stealth        | 3 4 |  4.1
Hexes          | 1 2 |  2.2
Summonings     | 2 4 5 |  5.8
Evocations     | 1 |  1.0
Translocations | |  1.1

Action                   |  1- 3 |  4- 6 |  7- 9 | 10-12 || total
-------------------------+-------+-------+-------+-------++-------
Melee: Dagger            |     1 |     6 |       |       ||     7
       Spear             |       |    34 |    27 |       ||    61
       Whip              |       |       |    75 |       ||    75
 Cast: Magic Dart        |   110 |   102 |   249 |       ||   461
       Call Imp          |       |     1 |     5 |       ||     6
       Mephitic Cloud    |       |     1 |    24 |     2 ||    27
       Conjure Flame     |       |     4 |    29 |       ||    33
       Blink             |       |     4 |     2 |       ||     6
       Apportation       |       |       |     2 |       ||     2
  Use: Scroll            |       |       |     4 |       ||     4
 Stab: Confused          |       |       |     4 |       ||     4
Armor: Robe              |     7 |    10 |       |       ||    17
       Leather armour    |       |     2 |    28 |       ||    30
Dodge: Dodged            |    23 |    42 |    76 |     3 ||   144
Block: Other             |       |       |     7 |     2 ||     9
       Reflection        |       |       |       |     2 ||     2

Table legend: (Time is in decaauts)
 A = Elapsed time spent in this place.
 B = Non-inter-level travel time spent in this place.
 C = Inter-level travel time spent in this place.
 D = Time resting spent in this place.
 E = Time spent auto-exploring this place.
 F = Levels seen in this place.
 G = Mean time per level.
                   A        B        C        D        E       F      G
               +--------+--------+--------+--------+--------+-----+--------+
         Total |   9203 |   8967 |    236 |    935 |   6639 |   9 | 1022.6 |
       Dungeon |   9073 |   8888 |    185 |    935 |   6571 |   7 | 1296.1 |
        Temple |    121 |     70 |     51 |      0 |     68 |   1 |  121.0 |
        Bailey |      8 |      8 |      0 |      0 |      0 |   1 |    8.0 |
               +--------+--------+--------+--------+--------+-----+--------+

Top non-repeatable levels by time:
     D:5: 1975 daAuts
     D:1: 1601 daAuts
     D:3: 1568 daAuts
     D:2: 1381 daAuts
     D:6: 1326 daAuts
     D:4: 1064 daAuts
     D:7: 155 daAuts
  Temple: 121 daAuts
  Bailey: 8 daAuts
